 Dungeon Crawl Stone Soup version 0.17.1-1-g73c8601 (webtiles) character file.

209 Implojin the Ruffian (level 5, -9/50 HPs)
             Began as a Troll Monk on Mar 31, 2016.
             Mangled by Duvessa
             ... wielding a +0 short sword
              (18 damage)
             ... on level 5 of the Dungeon.
             The game lasted 00:02:14 (298 turns).

Implojin the Ruffian (Troll Monk)                    Turns: 298, Time: 00:02:14

Health: -9/50      AC:  5    Str: 19    XL:     5   Next: 55%
Magic:  4/4        EV: 10    Int:  6    God:
Gold:   16         SH:  0    Dex: 13    Spells: 0 memorised, 4 levels left

rFire  . . .     SeeInvis .       - Unarmed
rCold  . . .     Clarity  .     a - +0 robe
rNeg   . . .     SustAt   .     (no shield)
rPois  .         Gourm    +     (helmet restricted)
rElec  .         Spirit   .     (no cloak)
rCorr  .         Warding  .     (gloves unavailable)
rMut   .         Stasis   .     (boots unavailable)
MR     .....                    (no amulet)
Stlth  +.........               (no ring)
                                (no ring)

@: not resistant to hostile enchantments, very unstealthy
A: unfitting armour, claws 3, fast metabolism 3, gourmand, regeneration 2,
shaggy fur 1, tough skin 2
a: no special abilities


You were on level 5 of the Dungeon.
You were very full.

You visited 1 branch of the dungeon, and saw 6 of its levels.

You collected 16 gold pieces.

Inventory:

Armour
 a - a +0 robe (worn)
Scrolls
 c - a scroll of enchant armour {unknown}
 e - a scroll of fog {unknown}
 f - a scroll of remove curse {unknown}
Comestibles
 b - 2 bread rations
 d - a beef jerky


   Skills:
 - Level 2.4 Fighting
 - Level 2.4 Dodging
 - Level 1.1 Stealth
 * Level 6.9 Unarmed Combat


You had 4 spell levels left.
You didn't know any spells.

Dungeon Overview and Level Annotations

Branches:
Dungeon (6/15)
 Temple: D:4-7

Altars:
Ashenzari
Makhleb
Xom

Annotations:
D:5 Duvessa


Innate Abilities, Weirdness & Mutations

You are too large for most types of armour.
You have claws for hands.
Your metabolism is lightning-fast.
You like to eat raw meat.
You heal very quickly.
You are covered in fur (AC +1).
You have very tough skin (AC +2).


Message History

You climb upwards.
The adder bites you but does no damage.
There is a stone staircase leading down here.
You miss the adder. The adder bites you.
The adder bites you but does no damage.
You scratch the adder.
The adder is moderately wounded.
The adder closely misses you.
You claw the adder!
You kill the adder!
There is a stone staircase leading down here.
You climb downwards.
Level annotation: Duvessa 2 wights come into view.
Duvessa shouts!
Duvessa goes berserk!
Duvessa hits you with a short sword!
Found 14 gold pieces.
A wight comes into view. It is wielding a long sword.
There is a stone staircase leading up here.
Duvessa hits you with a short sword!
You climb upwards.
There is a stone staircase leading down here.
Unknown command.
Unknown command.
You claw Duvessa!
Duvessa is moderately wounded.
Duvessa hits you with a short sword!
* * * LOW HITPOINT WARNING * * *
You claw Duvessa!
Duvessa is moderately wounded.
Duvessa hits you with a short sword!
* * * LOW HITPOINT WARNING * * *
You barely miss Duvessa.
Duvessa is moderately wounded.
Duvessa hits you with a short sword!
* * * LOW HITPOINT WARNING * * *
Duvessa misses you.
You claw Duvessa!
Duvessa is severely wounded.
Duvessa hits you with a short sword!!
You die...

#...._. #...#.#
.#
######...#.##.#
..$...........##
..........##...##
#####...>##....#
#........# .
#........#
#.#..@...#
#.#..e####
#.##....
#.###.... #.#
..... #.# .#####
. #.


You could see Duvessa (berserk).

Vanquished Creatures
  The ghost of slowhare the Sneak, an amateur VSAs (D:4)
  Dowan (D:6)
  4 adders
  2 oozes (D:4)
  A giant cockroach (D:1)
  2 quokkas
  2 giant geckos
  A goblin (D:1)
  A kobold (D:2)
  4 toadstools (D:1)
19 creatures vanquished.

Notes
Turn   | Place    | Note
--------------------------------------------------------------
     0 | D:1      | Implojin the Troll Monk began the quest for the Orb.
     0 | D:1      | Reached XP level 1. HP: 22/22 MP: 0/0
    72 | D:2      | Found a burning altar of Makhleb.
    78 | D:2      | Found a shimmering altar of Xom.
   114 | D:2      | Reached XP level 2. HP: 29/29 MP: 1/1
   167 | D:4      | Noticed slowhare's ghost (amateur VSAs)
   185 | D:4      | Reached skill level 5 in Unarmed Combat
   185 | D:4      | Reached XP level 3. HP: 26/36 MP: 2/2
   203 | D:4      | Killed slowhare's ghost
   203 | D:4      | Reached skill level 6 in Unarmed Combat
   203 | D:4      | Reached XP level 4. HP: 25/44 MP: 3/3
   206 | D:4      | Reached XP level 5. HP: 30/50 MP: 4/4
   253 | D:5      | Entered Level 5 of the Dungeon
   256 | D:5      | Found a shattered altar of Ashenzari.
   262 | D:6      | Noticed Dowan
   263 | D:6      | Noticed Duvessa
   277 | D:6      | Killed Dowan
   298 | D:5      | Mangled by Duvessa

Action                   |  1- 3 |  4- 6 || total
-------------------------+-------+-------++-------
Melee: Unarmed           |    39 |    21 ||    60
  Eat: Chunk             |     4 |     2 ||     6

Table legend:
 A = Turns spent in this place as a percentage of turns spent in the entire game.
 B = Non-inter-level travel turns spent in this place as a percentage of non-inter-level travel turns spent in the entire game.
 C = Inter-level travel turns spent in this place as a percentage of turns spent in this place.
 D = Turns resting spent in this place as a percentage of non-inter-level travel turns spent in this place.
 E = Turns spent auto-exploring this place as a percentage of non-inter-level travel turns spent in this place.
 F = Non-inter-level travel turns spent in this place divided by the number of levels of this place that you've seen.
                   A       B       C       D       E      F
               +-------+-------+-------+-------+-------+----------------------
         Total | 100.0 | 100.0 |   0.0 |   0.0 |   0.0 |  47.3
       Dungeon | 100.0 | 100.0 |   0.0 |   0.0 |   0.0 |  47.3
               +-------+-------+-------+-------+-------+----------------------

Table legend:
 A = Kills in this place as a percentage of kills in entire the game.
 B = Kills by you in this place as a percentage of kills by you in the entire game.
 C = Kills by friends in this place as a percentage of kills by friends in the entire game.
 D = Other kills in this place as a percentage of other kills in the entire game.
 E = Experience gained in this place as a percentage of experience gained in the entire game.
 F = Experience gained in this place divided by the number of levels of this place that you have seen.
                   A       B       C       D       E      F
               +-------+-------+-------+-------+-------+----------------------
         Total | 100.0 | 100.0 |  -nan |  -nan | 100.0 |  49.8
       Dungeon | 100.0 | 100.0 |  -nan |  -nan | 100.0 |  49.8
               +-------+-------+-------+-------+-------+----------------------
